 Dungeon Crawl Stone Soup version 0.32-a0-931-g5a2cda0630 (webtiles) character file.

Game seed: 5302570850520092110

1659355 dunno567 the Conqueror (level 26, 266/266 HPs)
             Began as a Minotaur Hunter on Apr 13, 2024.
             Was an Initiate of Gozag.
             Escaped with the Orb
             ... and 3 runes!
             The game lasted 03:55:59 (71564 turns).

dunno567 the Conqueror (Minotaur Hunter)           Turns: 71564, Time: 03:55:59

Health: 266/266    AC: 45    Str: 24    XL:     26   Next: 82%
Magic:  22/22      EV: 30    Int:  6    God:    Gozag
Gold:   115        SH:  0    Dex: 31    Spells: 25/25 levels left

rFire   + . .        o - +27 heavy crossbow "Sniper" {heavy, Acc+∞ SInv}
rCold   + . .        (shield currently unavailable)
rNeg    + + .        f - +13 chain mail "Sihyq" {rF- rN+ Str+7 Dex+3}
rPois   +            O - +1 hat {Will+}
rElec   .            D - +2 cloak {Stlth+}
rCorr   +            T - +1 pair of gloves
SInv    +            g - +2 pair of boots of the Ten Mouths {Will+ Slay+3}
Will    +++..        e - amulet "Bacirph" {rC+ Regen+ RegenMP+}
Stlth   +++          z - ring "Gyriuch" {rF++ rN+ Dex+3 Stlth+}
HPRegen 1.44/turn    Y - ring of Daisies {rPois rCorr SInv Stlth+}
MPRegen 0.58/turn

%: no passive effects
@: studying 3 skills
A: horns 2, retaliatory headbutt, iridescent scales 1, sense surroundings 1,
wild magic 1
0: Orb of Zot
}: 3/15 runes: serpentine, barnacled, slimy
a: Renounce Religion, Potion Petition, Call Merchant, Bribe Branch


You escaped.
You worshipped Gozag.
Gozag was aware of your devotion.
You visited 12 branches of the dungeon, and saw 55 of its levels.
You visited 1 bazaar.
You also visited: Ice Cave and Wizlab.

You collected 29347 gold pieces.
You spent 7693 gold pieces at shops.
You paid 21539 gold pieces to Gozag.

Inventory:

Hand Weapons
 o - the +27 heavy crossbow "Sniper" (weapon) {heavy, Acc+∞ SInv}
   (You bought it in a shop on level 2 of the Depths)

   Acc+∞: It never misses its target.
   SInv:      It lets you see invisible.
 Z - the +10 orcbow "Riotohy" {flame, rF+ rN+ Str-3 Dex+3}
   (You acquired it on level 3 of the Shoals)

   Str-3:     It affects your strength (-3).
   Dex+3:     It affects your dexterity (+3).
   rF+:       It protects you from fire.
   rN+:       It protects you from negative energy.
Armour
 f - the +13 chain mail "Sihyq" (worn) {rF- rN+ Str+7 Dex+3}
   (You found it on level 9 of the Dungeon)

   Str+7:     It affects your strength (+7).
   Dex+3:     It affects your dexterity (+3).
   rF-:       It makes you vulnerable to fire.
   rN+:       It protects you from negative energy.
 g - the +2 pair of boots of the Ten Mouths (worn) {Will+ Slay+3}
   (You acquired it on level 2 of the Lair of Beasts)

   Slay+3:    It affects your accuracy & damage with ranged weapons and melee
   (+3).
   Will+:     It increases your willpower.
 D - a +2 cloak of stealth (worn)
 O - a +1 hat of willpower (worn)
 T - a +1 pair of gloves (worn)
Jewellery
 a - a ring of protection from cold
 c - the ring "Ytoatte" {Fly rN++ Dex+6 Stlth+}
   (You found it on level 3 of the Crypt)

   [ring of dexterity]

   Dex+6:     It affects your dexterity (+6).
   rN++:      It greatly protects you from negative energy.
   Fly:       It grants you flight.
   Stlth+:    It makes you more stealthy.
 d - the ring of the Griffon {rElec rF+ Will++ Str-4 Int+6}
   (You bought it in a shop in a bazaar)

   [ring of intelligence]

   Str-4:     It affects your strength (-4).
   Int+6:     It affects your intelligence (+6).
   rF+:       It protects you from fire.
   rElec:     It insulates you from electricity.
   Will++:    It greatly increases your willpower.
 e - the amulet "Bacirph" (around neck) {rC+ Regen+ RegenMP+}
   (You took it off an ancient champion on level 3 of the Crypt)

   [amulet of magic regeneration]

   It increases your rate of magic regeneration.
   rC+:       It protects you from cold.
   Regen+:    It increases your rate of health regeneration.
   RegenMP+:  It increases your rate of magic regeneration.
 z - the ring "Gyriuch" (left hand) {rF++ rN+ Dex+3 Stlth+}
   (You bought it in a shop on level 9 of the Dungeon)

   [ring of positive energy]

   Dex+3:     It affects your dexterity (+3).
   rF++:      It greatly protects you from fire.
   rN+:       It protects you from negative energy.
   Stlth+:    It makes you more stealthy.
 E - a ring of magical power
 Y - the ring of Daisies (right hand) {rPois rCorr SInv Stlth+}
   (You found it on level 3 of the Crypt)

   [ring of resist corrosion]

   rPois:     It protects you from poison.
   SInv:      It lets you see invisible.
   rCorr:     It protects you from acid and corrosion.
   Stlth+:    It makes you more stealthy.
Wands
 j - a wand of iceblast (60)
 q - a wand of flame (134)
 r - a wand of polymorph (25)
 A - a wand of quicksilver (27)
 G - a wand of mindburst (35)
 I - a wand of paralysis (35)
 X - a wand of digging (21)
Scrolls
 b - 4 scrolls of amnesia
 h - 5 scrolls of brand weapon
 k - 6 scrolls of noise
 m - 2 scrolls of silence
 p - 10 scrolls of fog
 t - 7 scrolls of immolation
 v - 12 scrolls of enchant weapon
 w - 8 scrolls of enchant armour
 y - 5 scrolls of fear
 B - 8 scrolls of poison
 F - 21 scrolls of teleportation
 L - a scroll of revelation
 P - 2 scrolls of vulnerability
 Q - 4 scrolls of blinking
Potions
 i - 2 potions of resistance
 l - 2 potions of invisibility
 n - 6 potions of magic
 s - 15 potions of brilliance
 u - 9 potions of enlightenment
 x - 6 potions of lignification
 C - a potion of ambrosia
 H - 8 potions of attraction
 J - 3 potions of cancellation
 K - 19 potions of curing
 R - 5 potions of haste
 U - 3 potions of might
 V - 10 potions of heal wounds
 W - a potion of mutation
Miscellaneous
 M - a phantom mirror
 N - a condenser vane
 S - a lightning rod (4/4)


   Skills:
 O Level 27 Fighting
 O Level 27 Ranged Weapons
 O Level 27 Armour
 * Level 22.7 Dodging
 + Level 14.0 Stealth
 + Level 14.0 Evocations


You had 25 spell levels left.
You didn't know any spells.
Your spell library contained the following spells:

 Spells                   Type           Power      Damage    Failure   Level
 Apportation              Tloc           0%         N/A       78%         1
 Foxfire                  Conj/Fire      0%         2x1d4     78%         1
 Freeze                   Ice            0%         1d3       78%         1
 Magic Dart               Conj           0%         1d3       78%         1
 Necrotise                Necr           0%         1d4       78%         1
 Sandblast                Erth           0%         2d4       78%         1
 Shock                    Conj/Air       0%         1d3       78%         1
 Sting                    Conj/Alch      0%         1d3       78%         1
 Summon Small Mammal      Summ           0%         N/A       78%         1
 Blink                    Tloc           0%         N/A       89%         2
 Cigotuvi's Dreadful Rot  Necr/Alch/Air  0%         N/A       89%         2
 Ensorcelled Hibernation  Hex/Ice        0%         N/A       89%         2
 Jinxbite                 Hex            0%         N/A       89%         2
 Lesser Beckoning         Tloc           0%         N/A       89%         2
 Momentum Strike          Conj/Tloc      0%         3d8       89%         2
 Scorch                   Fire           0%         2d5       89%         2
 Searing Ray              Conj           0%         2d4       89%         2
 Static Discharge         Conj/Air       0%         3-3/arc   89%         2
 Call Canine Familiar     Summ           0%         N/A       98%         3
 Dazzling Flash           Conj/Hex       0%         N/A       98%         3
 Frozen Ramparts          Ice            0%         1d1       98%         3
 Fugue of the Fallen      Necr           0%         N/A       98%         3
 Hailstorm                Conj/Ice       0%         3d5       98%         3
 Inner Flame              Hex/Fire       0%         N/A       98%         3
 Mephitic Cloud           Conj/Alch/Air  0%         N/A       98%         3
 Ozocubu's Armour         Ice            0%         N/A       98%         3
 Sigil of Binding         Hex            0%         N/A       98%         3
 Stone Arrow              Conj/Erth      0%         3d7       98%         3
 Summon Ice Beast         Ice/Summ       0%         N/A       98%         3
 Swiftness                Air            0%         N/A       98%         3
 Teleport Other           Tloc           0%         N/A       98%         3
 Tukima's Dance           Hex            0%         N/A       98%         3
 Vampiric Draining        Necr           0%         2d6       98%         3
 Volatile Blastmotes      Fire/Tloc      0%         2d10      98%         3
 Airstrike                Air            0%         2d(0-16)  100%        4
 Anguish                  Hex/Necr       0%         N/A       100%        4
 Animate Armour           Summ/Erth      0%         N/A       100%        4
 Brom's Barrelling Bould  Conj/Erth      0%         2d3       100%        4
 Cause Fear               Hex            0%         N/A       100%        4
 Dimensional Bullseye     Hex/Tloc       0%         N/A       100%        4
 Dispel Undead            Necr           0%         3d6       100%        4
 Flame Wave               Conj/Fire      0%         2d4       100%        4
 Fulminant Prism          Conj/Alch      0%         3d5       100%        4
 Iskenderun's Mystic Bla Conj/Tloc 0%             2d3        (+2d1     100%        4
 Leda's Liquefaction      Alch/Erth      0%         N/A       100%        4
 Martyr's Knell           Necr/Summ      0%         N/A       100%        4
 Passage of Golubria      Tloc           0%         N/A       100%        4
 Sticky Flame             Fire/Alch      0%         2d4       100%        4
 Summon Blazeheart Golem  Fire/Summ      0%         N/A       100%        4
 Summon Lightning Spire   Summ/Air       0%         N/A       100%        4
 Vhi's Electric Charge    Tloc/Air       0%         N/A       100%        4
 Alistair's Intoxication  Alch           0%         N/A       100%        5
 Arcjolt                  Conj/Air       0%         1d10      100%        5
 Borgnjor's Vile Clutch   Necr/Erth      0%         N/A       100%        5
 Curse of Agony           Necr           0%         N/A       100%        5
 Irradiate                Conj/Alch      0%         3d11      100%        5
 Iskenderun's Battlesphe  Conj           0%         2d6       100%        5
 Lee's Rapid Deconstruct  Erth           0%         3d4*      100%        5
 Metabolic Englaciation   Hex/Ice        0%         N/A       100%        5
 Silence                  Hex/Air        0%         N/A       100%        5
 Summon Forest            Summ/Tloc      0%         N/A       100%        5
 Summon Mana Viper        Hex/Summ       0%         N/A       100%        5
 Bombard                  Conj/Erth      0%         9d1       100%        6
 Death Channel            Necr           0%         N/A       100%        6
 Dispersal                Tloc           0%         N/A       100%        6
 Eringya's Noxious Bog    Alch           0%         4d6       100%        6
 Gell's Gavotte           Tloc           0%         2d(11-16) 100%        6
 Permafrost Eruption      Ice/Erth       0%         2x4d1     100%        6
 Plasma Beam              Fire/Air       0%         2x1d10    100%        6
 Sculpt Simulacrum        Ice/Alch       0%         N/A       100%        6
 Starburst                Conj/Fire      0%         6d3       100%        6
 Summon Cactus Giant      Summ           0%         N/A       100%        6
 Enfeeble                 Hex            0%         N/A       100%        7
 Haunt                    Necr/Summ      0%         N/A       100%        7
 Manifold Assault         Tloc           0%         N/A       100%        7
 Orb of Destruction       Conj           0%         9d5       100%        7
 Ozocubu's Refrigeration  Ice            0%         4d7       100%        7
 Spellforged Servitor     Conj/Summ      0%         N/A       100%        7
 Borgnjor's Revivificati  Necr           0%         N/A       100%        8
 Discord                  Hex            0%         N/A       100%        8
 Disjunction              Tloc           0%         N/A       100%        8
 Ignition                 Fire           0%         3d3       100%        8
 Infestation              Necr           0%         N/A       100%        8
 Lehudib's Crystal Spear  Conj/Erth      0%         10d2      100%        8
 Maxwell's Capacitive Co  Air            0%         ∞         100%        8
 Chain Lightning          Conj/Air       0%         N/A       100%        9
 Death's Door             Necr           0%         N/A       100%        9
 Fire Storm               Conj/Fire      0%         5d1       100%        9
 Polar Vortex             Ice            0%         N/A       100%        9
 Animate Dead             Necr           Unusable   N/A       N/A         4

Dungeon Overview and Level Annotations

Branches:
Dungeon (15/15)            Temple (1/1) D:7            Lair (5/5) D:9
 Shoals (4/4) Lair:3        Snake (4/4) Lair:2        Slime (5/5) Lair:5
    Orc (2/2) D:11            Elf (3/3) Orc:2        Vaults (4/5) D:13
  Crypt (3/3) Vaults:3       Tomb (0/3) Crypt:3      Depths (4/4) D:15
    Zot (5/5) Depths:4      IceCv (visited)          WizLab (visited)

Altars:
Ashenzari
Cheibriados
Dithmenos
Elyvilon
Fedhas
Gozag
Hepliaklqana
Kikubaaqudgha
Makhleb
Nemelex Xobeh
Okawaru
Qazlal
Ru
Sif Muna
Trog
Uskayaw
Vehumet
Wu Jian
Xom
Yredelemnul
Zin
The Shining One
Beogh
Jiyva

Shops:
D:9 (=*[   D:10 (   D:11 (   D:15 *   Orc:2 (**(   Elf:1 *(*!   Elf:2 *
Elf:3 *   Snake:3 (*(   Snake:4 :=::   Vaults:2 *   Vaults:3 *   Vaults:4 ?
Depths:1 !   Depths:2 ?(([

Portals:
Hell: Depths:1 Depths:2 Depths:3 Depths:4
Abyss: Depths:1 Depths:2 Depths:3
Pandemonium: Depths:2
Ziggurat: Depths:1

Annotations:
Orc:2 2 transporters, Vupaekk's ghost, journeyman DsEE
Elf:2 3 runed translucent doors
Vaults:4 exclusion: 3 downstairs


Innate Abilities, Weirdness & Mutations

You have a pair of horns on your head.
You reflexively headbutt those who attack you in melee.
You are partially covered in iridescent scales. (AC +2)
You passively map a small area around you.
Your spells are a little harder to cast, but a little more powerful.


Message History

A Brimstone Fiend comes into view.
You shoot a bolt. The bolt hits the Brimstone Fiend!!!!!
You kill the Brimstone Fiend!
No target in view!
No target in view!
No target in view!
What level of the Dungeon? (default 1, ? - help)
There is a stone staircase leading up here.
You climb upwards.
There is a stone staircase leading down here.
What level of the Dungeon? (default 1, ? - help) You're already here!
A daeva comes into view.
It is wielding a +2 scimitar of holy wrath.
You shoot a bolt. The bolt hits the daeva!!!!
The daeva is severely wounded.
You shoot a bolt. The bolt hits the daeva!!!
You kill the daeva!
Your Evocations skill increases to level 14!
An Orb Guardian comes into view.
You shoot a bolt. The bolt hits the Orb Guardian!!!
The Orb Guardian is severely wounded.
You shoot a bolt. The bolt hits the Orb Guardian!!!!
You kill the Orb Guardian!
You enter the shallow water.
Moving in this stuff is going to be slow.
An Orb Guardian comes into view.
There is an open door here.
You shoot a bolt. The bolt hits the Orb Guardian!!!!
You kill the Orb Guardian!
You see here 6 stones.
There is an open door here.
There is an open door here.
There is a large open door here.
A Cot Ymod and a large abomination come into view.
There is a staircase leading out of the dungeon here.
Press: ? - help, v - describe, . - travel
Here: Cot Ymod, armed with a distorting touch A large open door.
The large abomination barely misses you.
You have escaped!

##...~~~~~~~~~~~≈~~~~~≈~~~≈~...#.
#...~≈~≈≈≈≈~≈≈≈≈~≈~≈≈~~≈≈≈~...#.
#...~≈≈≈≈≈≈≈~≈≈≈≈≈≈≈≈~≈≈≈≈~.....
#...≈≈≈#'#'#≈≈≈≈≈≈≈#+#'#≈≈~...#.
#...~≈≈'...##'###+##..('≈≈~...##
#...~≈≈'...#.......#...'≈≈~...#
#..)≈~≈#+#'#.#####.###'#≈≈≈...#
#....~≈≈≈#...#.X.#...'≈≈≈≈≈...#
#..⌠..~≈~+.⌠.'&@.###.#≈≈≈≈~...#
#..⌠..~~≈+.⌠.'...###.#≈≈≈≈~...##
##....~~≈≈#.5.#...#...+≈≈≈≈≈.....
.....~~≈#'###.#####.###'#≈≈≈...#.
.....~≈≈'...'.......'...'≈≈≈...##
.....~~≈'>..##+###'##...'≈≈~...#
.....~≈≈#+#'#≈≈≈≈≈≈≈#'#'#≈≈~...#
.....~≈≈≈≈≈≈≈≈≈≈≈≈≈≈≈≈≈≈≈≈≈~...#
.....~~≈≈≈≈≈≈≈≈≈≈≈≈≈≈≈≈≈≈≈≈~...#


You could see Cot Ymod, a large abomination and a crimson imp.

Vanquished Creatures
  the Royal Jelly (Slime:5)
  Frederick (Vaults:4)
  2 orbs of fire (Zot:5)
  2 ancient liches (Crypt:3)
  5 dread liches
  4 juggernauts
  Xtahua (Vaults:4)
  A Killer Klown (Zot:5)
  A pandemonium lord (Depths:3)
  Vv (Crypt:1)
  Parghit (Depths:3)
  Margery (Depths:3)
  2 curse toes
  7 caustic shrikes (Depths:3)
  4 golden dragons
  Jory (Vaults:3)
  Nikola (Shoals:4)
  The ghost of Kuuzonye the Peltast, an adept MDFi of Nemelex Xobeh (Crypt:3)
  the Enchantress (Depths:3)
  2 Tzitzimimeh
  2 bone dragons
  Norris (Depths:3)
  3 electric golems
  Rupert (D:13)
  2 walking crystal tomes
  A Brimstone Fiend (D:2)
  11 liches
  A hellephant (Depths:3)
  8 tentacled monstrosities
  12 Orb Guardians
  A shard shrike skeleton (Crypt:3)
  A quicksilver dragon (Zot:1)
  2 deep elf blademasters (Elf:3)
  A titan (Depths:2)
  4 sphinxes
  13 acid blobs
  4 deep elf master archers (Elf:3)
  2 death cobs (Zot:1)
  6 ancient champions
  Kirke (D:15)
  3 tengu reavers
  7 shadow dragons
  7 nagarajas
  7 fire giants
  Roxanne (D:14)
  3 revenants
  6 storm dragons
  A daeva (D:1)
  Aizul (Snake:1)
  12 rockslimes
  A draconian monk (Depths:4)
  13 azure jellies
  12 frost giants
  2 protean progenitors (Zot:1)
  3 iron dragons (Depths:3)
  A balrug (Depths:1)
  Louise (Elf:1)
  7 deep elf sorcerers
  2 draconian scorchers
  11 vault wardens
  5 ghouls
  An orc warlord (Vaults:1)
  An angel (D:14)
  A cacodemon (Zot:5)
  A curse skull (Crypt:3)
  26 stone giants
  2 deep elf elementalists (Elf:3)
  7 ironbound preservers
  2 draconian stormcallers
  A demonspawn corrupter (Zot:5)
  7 ironbound thunderhulks
  8 spriggan defenders
  A draconian annihilator (Zot:5)
  13 quicksilver oozes
  22 very ugly things
  9 formless jellyfish
  2 juggernaut skeletons (Crypt:3)
  10 vampire knights
  6 deep elf demonologists
  A lorocyproca (Depths:2)
  Nessos (D:13)
  9 deep elf death magi
  5 black draconians
  A yellow draconian (Zot:1)
  Azrael (D:14)
  4 halazid warlocks (WizLab)
  3 war gargoyles
  A purple draconian (Zot:1)
  9 dire elephants
  3 deep elf annihilators (Elf:3)
  A red draconian (Zot:5)
  3 white draconians
  2 elf zombies
  8 spark wasps
  4 eidola
  13 ettins
  7 merfolk javelineers (Shoals:4)
  10 fire dragons
  A spectral quicksilver dragon (WizLab)
  2 quicksilver dragon zombies (WizLab)
  11 jiangshi
  8 deep elf high priests
  3 crystal guardians
  8 merfolk impalers (Shoals:4)
  5 great orbs of eyes
  The ghost of MirrMurr the Skirmisher, a journeyman MiHu of the Shining One (D:11)
  4 rakshasas
  4 merfolk avatars
  5 peacekeepers
  9 vault guards
  12 ironbound frosthearts
  14 yaktaur captains
  5 hydras
  3 salamander tyrants (Snake:4)
  2 catoblepae
  16 anacondas
  Erolcha (Orc:1)
  8 spriggan air magi
  12 ice dragons
  A bennu zombie (Crypt:3)
  2 radroaches (Zot:1)
  2 alligator snapping turtles
  9 deep troll shamans
  16 dancing weapons
  A merfolk aquamancer (Shoals:4)
  10 centaur warriors
  3 boulder beetles
  3 satyrs
  2 spriggan skeletons
  A death knight (Crypt:1)
  8 tengu warriors
  3 two-headed ogres
  15 death yaks
  17 naga sharpshooters
  16 naga warriors
  8 shock serpents
  9 vampire magi
  3 occultists
  3 titan zombies
  An Orb Guardian skeleton (Crypt:2)
  Urug (D:13)
  2 orc high priests
  4 spriggan berserkers
  4 deep troll earth magi
  4 spriggans
  A titan skeleton (Crypt:3)
  Sonja (Lair:4)
  21 deep elf knights
  31 skeletal warriors
  8 hell knights
  2 iron trolls
  10 skysharks
  A sun demon (Depths:1)
  6 shadow wraiths
  4 salamander mystics
  7 sea snakes
  The ghost of zorb987 the Chopper, a novice GnRe of Dithmenos (D:7)
  A spectral spark wasp (WizLab)
  2 cherubim (Elf:1)
  15 deep elf archers
  A bunyip zombie (Crypt:1)
  A golden dragon zombie (Crypt:1)
  14 mana vipers
  3 spark wasp zombies
  27 deep trolls
  4 glowing orange brains
  A bunyip skeleton (Crypt:2)
  6 flayed ghosts
  An orange crystal statue (Elf:2)
  8 arcanists
  13 naga ritualists
  2 shadow demons
  15 orc knights
  A golden dragon skeleton (Depths:3)
  6 bog bodies
  A steelbarb worm (shapeshifter) (Depths:4)
  Pikel (D:6)
  A spriggan simulacrum (Crypt:3)
  7 lindwurms
  9 necromancers
  A swamp dragon (shapeshifter) (Depths:4)
  3 thermic dynamos
  A harpy (shapeshifter) (Depths:3)
  15 deep elf zephyrmancers
  12 phantasmal warriors
  A broodmother zombie (Crypt:2)
  A wolf spider zombie (D:13)
  A tengu skeleton (Vaults:3)
  11 harpies
  19 deep elf pyromancers
  A frost giant zombie (Crypt:1)
  A faun (shapeshifter) (Depths:4)
  8 cyclopes
  13 ironbound convokers
  A stone giant zombie (Crypt:3)
  Maurice (D:8)
  2 orc sorcerers
  3 shining eyes (Slime:2)
  42 ugly things
  10 salamanders
  A moth of wrath (shapeshifter) (Depths:2)
  8 fauns
  13 centaur zombies
  2 stone giant skeletons
  6 kobold blastminers
  8 moths of wrath
  A salamander (shapeshifter) (D:15)
  57 black mambas
  23 vault sentinels
  15 manticores
  A meliai (shapeshifter) (D:14)
  An ice statue (IceCv)
  3 meliai (D:15)
  2 smoke demons
  A torpor snail (Lair:5)
  9 water nymphs
  23 elephants
  4 guardian serpents
  A rust devil (D:4)
  An eye of devastation (shapeshifter) (Depths:2)
  24 naga magi
  A water nymph (shapeshifter) (Depths:3)
  7 merfolk sirens
  2 eyes of devastation
  3 gargoyles
  13 cane toads
  A shock serpent skeleton (Crypt:2)
  10 komodo dragons
  Jeremiah (D:6)
  A hellion (D:15)
  A kobold demonologist (D:8)
  29 yaktaurs
  3 rime drakes
  4 freezing wraiths
  A pale draconian zombie (Crypt:1)
  A redback zombie (Crypt:3)
  2 efreet
  3 tengu conjurers
  2 unseen horrors
  2 human skeletons
  A catoblepas skeleton (Crypt:2)
  A white draconian skeleton (Crypt:2)
  4 harpy zombies
  9 trolls
  2 elf skeletons
  2 spectral harpies (WizLab)
  19 polar bears
  A wolf spider simulacrum (D:15)
  A merfolk (shapeshifter) (Depths:2)
  20 merfolk
  A polar bear (shapeshifter) (Elf:1)
  A death yak skeleton (Crypt:3)
  7 wind drakes
  3 blink frogs (Lair:5)
  4 hornets
  An ettin zombie (Vaults:4)
  A meliai zombie (D:13)
  2 glass eyes (Depths:2)
  18 dream sheep
  A fire giant simulacrum (Vaults:4)
  A stone giant simulacrum (Crypt:1)
  10 snapping turtles
  6 air elementals
  84 slime creatures
  A spriggan (shapeshifter) (D:15)
  2 ynoxinuls
  14 water elementals
  Sigmund (D:2)
  A shadow (D:8)
  A centaur simulacrum (D:15)
  4 ettin skeletons
  52 yaks
  2 vampires
  10 wyverns
  6 wraiths
  2 fire elementals
  6 hogs (D:15)
  3 basilisks
  16 humans
  3 wargs (Orc:2)
  2 steam dragons
  5 golden eyes
  A redback (shapeshifter) (Elf:1)
  11 vampire mosquitoes
  A chaos spawn (Zot:5)
  Menkaure (D:6)
  3 swamp worms (shapeshifter)
  57 nagas
  An ogre zombie (Vaults:4)
  15 water moccasins
  5 hell hounds (D:14)
  2 ogre skeletons
  A glowing shapeshifter skeleton (Depths:3)
  2 ice beasts
  2 sky beasts
  31 laughing skulls
  2 black bears (shapeshifter)
  33 orc warriors
  A tengu (shapeshifter) (Elf:1)
  5 black bears
  5 ogres
  37 wolves
  23 centaurs
  3 lemures (D:6)
  The ghost of TobyConnect the Conjurer, an amateur DsCj (D:3)
  A rime drake zombie (Crypt:3)
  6 kobold brigands
  14 bullfrogs
  2 gnoll sergeants
  A glowing shapeshifter simulacrum (Vaults:4)
  3 earth elementals
  6 scorpions
  5 killer bees (D:11)
  An electric eel (Lair:2)
  3 bombardier beetles
  7 howler monkeys
  A hound (D:4)
  A jelly (D:7)
  3 quasits (D:3)
  Crazy Yiuf (D:2)
  14 orc priests
  2 gnoll boudas
  A centaur skeleton (Crypt:2)
  2 iguanas (D:5)
  Terence (D:2)
  A boggart zombie (D:13)
  A sleepcap (D:5)
  Ijyb (D:3)
  11 orc wizards
  2 basilisk skeletons
  11 adders
  20 gnolls
  4 shadow imps
  A steam dragon skeleton (Crypt:3)
  4 white imps
  2 iguana zombies
  A jelly zombie (Crypt:1)
  The ghost of Urositt the Shield-Bearer, a weakling FoFi (D:15)
  2 dart slugs
  72 orcs
  6 ball pythons
  3 endoplasms
  A giant cockroach (D:2)
  2 goblins
  4 hobgoblins
  3 quokkas
  4 bats
  2 frilled lizards
  24 kobolds
  A kobold skeleton (Crypt:2)
  5 rats
  A rat zombie (Crypt:2)
  An aspiring flesh (Zot:1)
2222 creatures vanquished.

Vanquished Creatures (collateral kills)
  A dread lich (Zot:5)
  2 ancient liches (Zot:5)
  4 Killer Klowns (Zot:5)
  A golden dragon (Zot:2)
  2 tentacled monstrosities
  An electric golem (Zot:5)
  11 Orb Guardians (Zot:5)
  An Ice Fiend (Zot:1)
  2 quicksilver dragons
  3 death cobs
  3 storm dragons
  A balrug (Zot:3)
  A ghost moth (Zot:5)
  A draconian shifter (Zot:5)
  3 draconian stormcallers
  2 draconian annihilators
  2 green draconians
  A white draconian (Zot:3)
  3 yellow draconians
  2 red draconians (Zot:3)
  5 sun demons
  An orange crystal statue (Zot:5)
  2 moths of wrath
  A hellion (Zot:2)
  An ice devil (Zot:5)
  A crimson imp (Zot:4)
58 creatures vanquished.

Vanquished Creatures (others)
  A dread lich (Zot:5)
  2 ancient liches (Zot:5)
  3 Killer Klowns (Zot:5)
  A tentacled monstrosity (Zot:5)
  8 Orb Guardians (Zot:5)
  4 death cobs
  A shadow dragon (Zot:5)
  2 draconian monks
  A draconian shifter (Zot:5)
  2 protean progenitors (Zot:1)
  A draconian scorcher (Zot:5)
  A draconian stormcaller (Zot:2)
  3 green draconians (Zot:5)
  3 white draconians (Zot:5)
  A purple draconian (Zot:5)
  2 black draconians
  A red draconian (Zot:1)
  An ice dragon (Depths:2)
  A deep elf knight (Elf:1)
  A necromancer (WizLab)
  2 moths of wrath (Zot:5)
  3 torpor snails
  A hellion (Zot:2)
  2 tyrant leeches (Zot:1)
  A water elemental (Shoals:4)
  2 vampire mosquitoes (D:13)
51 creatures vanquished.

Grand Total: 2331 creatures vanquished

Notes
Turn   | Place    | Note
-------+----------+-------------------------------------------
     0 | D:1      | dunno567 the Minotaur Hunter began the quest for the Orb.
     0 | D:1      | Reached XP level 1. HP: 18/18 MP: 0/0
   268 | D:1      | Reached XP level 2. HP: 23/25 MP: 1/1
   568 | D:1      | Reached skill level 5 in Ranged Weapons
   860 | D:2      | Noticed Sigmund
  1058 | D:2      | Reached XP level 3. HP: 17/30 MP: 2/2
  1327 | D:2      | Noticed Terence
  1451 | D:2      | Identified a scroll of acquirement
  1451 | D:2      | Acquired a +4 ring of protection
  1664 | D:3      | Found a transporter.
  1668 | D:3      | Noticed TobyConnect's ghost (amateur DsCj)
  1707 | D:3      | Reached XP level 4. HP: 37/37 MP: 3/3
  1722 | D:3      | Found a faded altar of an unknown god.
  1911 | D:3      | Found a transporter.
  1980 | D:3      | Noticed Ijyb
  1981 | D:3      | Paralysed by Ijyb for 4 turns
  1990 | D:3      | Paralysed by Ijyb for 5 turns
  2001 | D:3      | Paralysed by Ijyb for 2 turns
  2010 | D:3      | Paralysed by Ijyb for 3 turns
  2013 | D:3      | Killed Ijyb
  2123 | D:3      | Noticed a scorpion
  2191 | D:3      | Reached XP level 5. HP: 42/42 MP: 4/4
  2209 | D:3      | Reached skill level 1 in Stealth
  2786 | D:4      | Found a sacrificial altar of Ru.
  2898 | D:4      | Reached XP level 6. HP: 33/52 MP: 5/5
  2997 | D:4      | Found a glowing golden altar of the Shining One.
  3058 | D:4      | Found a snail-covered altar of Cheibriados.
  3317 | D:5      | Entered Level 5 of the Dungeon
  3365 | D:5      | Noticed an ice beast
  3383 | D:5      | Reached skill level 1 in Armour
  3383 | D:5      | Reached XP level 7. HP: 60/60 MP: 6/6
  3402 | D:5      | Reached skill level 5 in Fighting
  4184 | D:5      | Reached XP level 8. HP: 70/70 MP: 7/7
  4614 | D:2      | Killed Sigmund
  4641 | D:2      | Killed Terence
  4728 | D:2      | Found a runed translucent door.
  4729 | D:2      | Noticed Crazy Yiuf
  4959 | D:2      | Killed Crazy Yiuf
  5078 | D:6      | Noticed Jeremiah
  5354 | D:6      | Reached skill level 5 in Armour
  5540 | D:6      | Killed Jeremiah
  5541 | D:6      | Reached skill level 5 in Dodging
  5921 | D:6      | Reached XP level 9. HP: 75/81 MP: 8/8
  5969 | D:6      | Noticed Menkaure
  6193 | D:6      | Killed Menkaure
  6268 | D:6      | Noticed Pikel
  6282 | D:6      | Killed Pikel
  6283 | D:6      | Reached skill level 1 in Evocations
  7263 | D:7      | Found a large runed translucent door.
  7264 | D:7      | Found a large runed translucent door.
  7363 | D:7      | Found a staircase to the Ecumenical Temple.
  7417 | D:7      | Noticed zorb987's ghost (novice GnRe)
  7462 | Temple   | Entered the Ecumenical Temple
  7476 | Temple   | Became a worshipper of Gozag Ym Sagoz the Greedy
  7604 | D:8      | Noticed a centaur warrior
  7662 | D:8      | Killed a centaur warrior
  7663 | D:8      | Reached skill level 10 in Fighting
  7663 | D:8      | Reached skill level 5 in Stealth
  7663 | D:8      | Reached XP level 10. HP: 70/93 MP: 9/9
  7759 | D:8      | Noticed Maurice
  7778 | D:8      | Something stole a ring of ice
  7779 | D:8      | Killed Maurice
  8908 | D:9      | Identified the +13 chain mail "Sihyq" {rF- rN+ Str+7 Dex+3}
  9116 | D:9      | Found a shadowy altar of Dithmenos.
  9117 | D:9      | Found a shimmering altar of Xom.
  9285 | D:9      | Found a staircase to the Lair.
  9601 | D:9      | Reached skill level 10 in Ranged Weapons
  9745 | D:10     | Entered Level 10 of the Dungeon
  9745 | D:10     | Noticed a two-headed ogre
  9755 | D:10     | Killed a two-headed ogre
 10017 | D:3      | Killed TobyConnect's ghost
 10271 | D:10     | Reached XP level 11. HP: 102/102 MP: 10/10
 10466 | D:10     | Found a transporter.
 10473 | D:10     | Found a white marble altar of Elyvilon.
 10529 | D:10     | Found a transporter.
 10646 | D:10     | Found Gugyoqio's Weapon Emporium.
 10773 | D:10     | Reached skill level 10 in Armour
 11315 | D:11     | Noticed an orc knight
 11339 | D:11     | Killed an orc knight
 11502 | D:11     | Found a roughly hewn altar of Beogh.
 11502 | D:11     | Found a staircase to the Orcish Mines.
 11663 | D:11     | Found a bloodstained altar of Trog.
 11868 | D:11     | Found a runed translucent door.
 11969 | D:11     | Noticed MirrMurr's ghost (journeyman MiHu)
 12082 | Orc:1    | Entered Level 1 of the Orcish Mines
 12415 | Orc:2    | Entered Level 2 of the Orcish Mines
 12415 | Orc:2    | Found a transporter.
 12589 | Orc:2    | Noticed an orc knight
 12720 | Lair:1   | Entered Level 1 of the Lair of Beasts
 13195 | Lair:1   | Identified the +0 cloak of Poor Excuses {Will- Str+6}
 13698 | Lair:1   | Reached XP level 12. HP: 74/110 MP: 11/11
 13884 | Lair:2   | Noticed a boulder beetle
 14193 | Lair:2   | Found a staircase to the Snake Pit.
 14481 | Lair:2   | Killed a boulder beetle
 14952 | Lair:2   | Identified the +0 robe "Dimpub" {rC+ Int+4}
 15249 | Lair:3   | Noticed a five-headed hydra
 15435 | Lair:2   | Acquired the +2 pair of boots of the Ten Mouths {Will+
                  | Slay+3}
 15599 | Lair:3   | Reached skill level 15 in Ranged Weapons
 15998 | Lair:3   | Killed a five-headed hydra
 15999 | Lair:3   | Reached XP level 13. HP: 98/119 MP: 12/12
 16111 | Lair:3   | Found a staircase to the Shoals.
 16670 | D:9      | Bought the ring "Gyriuch" {rF++ rN+ Dex+3 Stlth+} for 857
                  | gold pieces
 16961 | Lair:4   | Noticed Sonja
 17178 | Lair:4   | Found a frozen archway.
 17187 | IceCv    | Entered an ice cave
 17514 | IceCv    | Reached skill level 5 in Evocations
 17987 | IceCv    | Reached skill level 15 in Armour
 19117 | Lair:4   | Killed Sonja
 19118 | Lair:4   | Reached skill level 15 in Fighting
 19121 | Lair:4   | Reached XP level 14. HP: 110/135 MP: 13/13
 19678 | Lair:5   | Entered Level 5 of the Lair of Beasts
 20586 | Lair:5   | Found a staircase to the Slime Pits.
 21341 | Lair:5   | Reached skill level 10 in Dodging
 21520 | Lair:5   | Identified the staff "Jopsiuhu" {rPois rC+ MP+9 SInv
                  | Alchemy}
 21733 | D:11     | Killed MirrMurr's ghost
 22459 | D:12     | Reached XP level 15. HP: 112/145 MP: 14/14
 22963 | D:13     | Noticed Rupert
 22963 | D:13     | Noticed Nessos
 23065 | D:13     | Noticed Urug
 23065 | D:13     | Found a gate to the Vaults.
 23331 | D:13     | Killed Nessos
 23740 | D:13     | Killed Urug
 23779 | D:13     | Killed Rupert
 23894 | D:13     | Found a basalt altar of Yredelemnul.
 24372 | D:14     | Noticed Roxanne
 24405 | D:14     | Killed Roxanne
 24944 | D:14     | Noticed Azrael
 24980 | D:14     | Killed Azrael
 25553 | D:15     | Entered Level 15 of the Dungeon
 25855 | D:15     | Found a runed translucent door.
 26072 | D:15     | Found a runed translucent door.
 26085 | D:15     | Noticed Urositt's ghost (weakling FoFi)
 26089 | D:15     | Noticed a lich
 26361 | D:15     | Noticed Kirke
 26390 | D:15     | Killed Kirke
 26425 | D:15     | Found a staircase to the Depths.
 27043 | Orc:2    | Noticed Vupaekk's ghost (journeyman DsEE)
 27053 | Orc:2    | Found a bloodstained altar of Trog.
 27062 | Orc:2    | Found a transporter.
 27070 | Orc:2    | Found a staircase to the Elven Halls.
 27163 | Orc:2    | Reached XP level 16. HP: 157/157 MP: 15/15
 27631 | Orc:2    | Found Uneec's General Store.
 27631 | Orc:2    | Found Nyshy's Assorted Antiques.
 27633 | Orc:2    | Found Lixt's Weapon Shop.
 27635 | Orc:2    | Found Xijaeg's Antique Weapon Emporium.
 27640 | Orc:2    | Bought a sedimented sapphire potion for 27 gold pieces
 27640 | Orc:2    | Bought a scroll of identify for 60 gold pieces
 27886 | Orc:2    | Found a roughly hewn altar of Beogh.
 28166 | D:7      | Killed zorb987's ghost
 28954 | Orc:1    | Noticed Erolcha
 28960 | Orc:1    | Killed Erolcha
 29162 | Elf:1    | Entered Level 1 of the Elven Halls
 29497 | Orc:2    | Bought an amulet of reflection for 390 gold pieces
 29497 | Orc:2    | Bought a scroll of brand weapon for 123 gold pieces
 29837 | Shoals:1 | Entered Level 1 of the Shoals
 29883 | Shoals:1 | Identified the ring "Tudghi" {rC+ Str+5 Dex-2}
 31924 | Shoals:3 | Identified the +12 short sword of Superiority {heavy, rElec
                  | Int+5}
 31938 | Shoals:3 | Acquired the +10 orcbow "Riotohy" {flame, rF+ rN+ Str-3
                  | Dex+3}
 32075 | Shoals:4 | Entered Level 4 of the Shoals
 32081 | Shoals:3 | Reached XP level 17. HP: 170/170 MP: 16/16
 32127 | Shoals:4 | Paralysed by an air elemental for 1 turns
 32258 | Shoals:4 | Reached skill level 10 in Stealth
 32601 | Shoals:4 | Reached XP level 18. HP: 140/178 MP: 17/17
 32845 | Shoals:4 | Identified the ring "Vaehal" {rN++ MP+9 Str+6 Dex-3}
 32846 | Shoals:4 | Noticed Nikola
 32855 | Shoals:4 | Killed Nikola
 32967 | Shoals:4 | Got a barnacled rune of Zot
 33298 | Shoals:4 | Found a hide-covered altar of Uskayaw.
 33377 | Shoals:4 | Paralysed by an air elemental for 1 turns
 33482 | Shoals:4 | Identified the +11 dagger "Nili" {flame, Int+2}
 33790 | D:9      | Bought the ring "Quxoseib" {rPois rN+} for 499 gold pieces
 33849 | Snake:1  | Entered Level 1 of the Snake Pit
 34604 | Snake:1  | Identified the serpent talisman of the Wary Orbs {Dex+4}
 34604 | Snake:1  | Noticed Aizul
 34616 | Snake:1  | Killed Aizul
 36511 | Snake:2  | Found a blossoming altar of Fedhas.
 37379 | Snake:3  | Reached XP level 19. HP: 181/190 MP: 18/18
 37721 | Snake:3  | Found Ydghis's Antique Weapon Emporium.
 37748 | Snake:3  | Found Beshriu's Assorted Antiques.
 37757 | Snake:3  | Bought a potion of curing for 96 gold pieces
 37799 | Snake:3  | Found Tipluqib's Weapon Shoppe.
 38719 | Snake:4  | Entered Level 4 of the Snake Pit
 39110 | Snake:4  | Found Ygigh's Book Emporium.
 39112 | Snake:4  | Found Meeg's Jewellery Shop.
 39115 | Snake:4  | Found Racsuid's Book Emporium.
 39395 | Snake:4  | Found Timp's Book Shop.
 40078 | Snake:4  | Reached skill level 10 in Evocations
 40301 | Snake:4  | Got a serpentine rune of Zot
 40793 | D:9      | Bought a crude leather armour for 252 gold pieces
 40793 | D:9      | Identified the +1 leather armour "Alaajuabb" {rC+ Str+2}
                  | (You bought it in a shop on level 9 of the Dungeon)
 40793 | D:9      | Bought a faintly humming chain mail for 342 gold pieces
 40793 | D:9      | Identified the +4 chain mail of Protective Custody {rElec
                  | rF+ rC- rCorr} (You bought it in a shop on level 9 of the
                  | Dungeon)
 40801 | D:9      | Bought a bloodstained chain mail for 332 gold pieces
 40801 | D:9      | Identified the +6 chain mail of the Ecumenical Temple
                  | {Str+2 SInv} (You bought it in a shop on level 9 of the
                  | Dungeon)
 40801 | D:9      | Bought a scroll of fear for 140 gold pieces
 40801 | D:9      | Bought a potion of curing for 105 gold pieces
 40801 | D:9      | Bought a scroll of identify for 70 gold pieces
 41202 | Elf:1    | Found Omyxtui's General Store.
 41211 | Elf:1    | Bought a scroll of revelation for 120 gold pieces
 41419 | Elf:1    | Found Nujuihes's Weapon Shoppe.
 41441 | Elf:1    | Noticed Louise
 41447 | Elf:1    | Killed Louise
 41467 | Elf:1    | Found Qias's Assorted Antiques.
 41499 | Elf:1    | Bought a potion of heal wounds for 225 gold pieces
 41804 | Elf:1    | Found a roughly hewn altar of Beogh.
 41813 | Elf:1    | Found a radiant altar of Vehumet.
 41895 | Elf:1    | Reached XP level 20. HP: 202/202 MP: 19/19
 41942 | Elf:1    | Found Kumaedd's Distillery.
 41990 | Elf:1    | Bought a potion of invisibility for 120 gold pieces
 41990 | Elf:1    | Bought a potion of haste for 150 gold pieces
 41990 | Elf:1    | Bought a potion of curing for 45 gold pieces
 41990 | Elf:1    | Bought a potion of curing for 45 gold pieces
 41990 | Elf:1    | Bought a potion of curing for 45 gold pieces
 42135 | Elf:1    | Got the Tempter's Tome of Forbidden Fruit
 42258 | Elf:2    | Found Isixet's General Store.
 42449 | Elf:2    | Bought a potion of heal wounds for 95 gold pieces
 42589 | Elf:2    | Found an ancient bone altar of Kikubaaqudgha.
 42809 | Elf:2    | Found a runed translucent gate.
 42809 | Elf:2    | Found a runed translucent gate.
 42813 | Elf:2    | Found a runed translucent gate.
 43043 | Elf:3    | Entered Level 3 of the Elven Halls
 43345 | Elf:3    | Found Igef's Assorted Antiques.
 43356 | Elf:3    | Bought 2 potions of heal wounds for 260 gold pieces
 43433 | Elf:3    | Paralysed by an air elemental for 1 turns
 44954 | Elf:3    | Identified the +5 ring mail of Music {^Drain *Slow rCorr
                  | Stlth+}
 45473 | Elf:3    | Got the Guide on Shivering Transmutation
 45494 | Elf:3    | Identified the +5 mace of a treasure trove {heavy, rF+
                  | Str+2 Dex+3}
 45500 | Elf:3    | Identified the +0 ring mail of Loss {SInv}
 45505 | Elf:3    | Got Cajykluph's Book of Loathsome Fascination
 45528 | Elf:3    | Got the Precepts of Quintessence and the Dragon
 45750 | Vaults:1 | Entered Level 1 of the Vaults
 45819 | Vaults:1 | Reached skill level 15 in Dodging
 46470 | Vaults:1 | Reached XP level 21. HP: 190/214 MP: 20/20
 48222 | Vaults:2 | Identified the +1 scale mail "Jigrasext" {rElec Regen+
                  | Str+2 Stlth+}
 48320 | Vaults:2 | Identified the +3 great mace "Padgherri" {freeze, +Blink
                  | rF+ rN+ Dex-3}
 48748 | Vaults:2 | Found Eddyot's Assorted Antiques.
 49568 | Vaults:3 | Found a staircase to the Crypt.
 50265 | Vaults:3 | Noticed Jory
 50282 | Vaults:3 | Killed Jory
 50462 | Vaults:3 | Found Imisiesy's General Store.
 51222 | Vaults:4 | Identified the orb "Xebruep" {light, rElec rF+ Will+}
 51222 | Vaults:4 | Noticed Frederick
 51281 | Vaults:4 | Found Ugeockiz's Magic Scroll Emporium.
 51309 | Vaults:4 | Found a magical portal.
 51314 | WizLab   | Entered Borgnjor's Mausoleum
 51875 | WizLab   | Reached XP level 22. HP: 222/226 MP: 21/21
 52196 | Vaults:4 | Bought a scroll of fog for 52 gold pieces
 52196 | Vaults:4 | Bought a scroll of enchant weapon for 97 gold pieces
 52196 | Vaults:4 | Bought a scroll of teleportation for 39 gold pieces
 52196 | Vaults:4 | Bought a scroll of teleportation for 39 gold pieces
 52196 | Vaults:4 | Bought a scroll of fog for 52 gold pieces
 52196 | Vaults:4 | Bought a scroll of fear for 52 gold pieces
 52566 | Vaults:4 | Noticed a dread lich
 52582 | Vaults:4 | Killed a dread lich
 52928 | Vaults:4 | Noticed Xtahua
 53164 | Vaults:4 | Killed Xtahua
 53515 | Vaults:4 | Paralysed by a formless jellyfish for 1 turns
 54053 | D:15     | Killed Urositt's ghost
 54630 | Depths:1 | Entered Level 1 of the Depths
 54790 | Crypt:1  | Entered Level 1 of the Crypt
 54984 | Crypt:1  | Noticed Vv
 55008 | Crypt:1  | Killed Vv
 56694 | Crypt:3  | Entered Level 3 of the Crypt
 56694 | Crypt:3  | Noticed Kuuzonye's ghost (adept MDFi)
 56694 | Crypt:3  | Found a runed translucent door.
 57307 | Crypt:3  | Reached skill level 27 in Fighting
 57310 | Crypt:3  | Reached XP level 23. HP: 232/240 MP: 22/22
 57803 | Crypt:3  | Noticed an ancient lich
 58203 | Crypt:3  | Noticed a curse toe
 58233 | Crypt:3  | Killed a curse toe
 58418 | Crypt:3  | Identified the amulet "Bacirph" {rC+ Regen+ RegenMP+}
 58565 | Crypt:3  | Killed an ancient lich
 58760 | Crypt:3  | Found the necklace of Bloodlust {Fury *Rage Will++ Int-3
                  | Slay+6}
 58890 | Crypt:3  | Found a staircase to the Tomb.
 59064 | Crypt:3  | Killed Kuuzonye's ghost
 59301 | Crypt:3  | Identified the ring of Daisies {rPois rCorr SInv Stlth+}
 59340 | Crypt:3  | Noticed a dread lich
 59355 | Crypt:3  | Noticed a dread lich
 59355 | Crypt:3  | Noticed an ancient lich
 59387 | Crypt:3  | Killed a dread lich
 59396 | Crypt:3  | Killed an ancient lich
 59404 | Crypt:3  | Killed a dread lich
 59594 | Crypt:3  | Got the Tome of the Mantle and Hoarfrost
 59595 | Crypt:3  | Identified the ring of Zaeseokk {Fly Str+4 Int+2}
 59598 | Crypt:3  | Identified the ring of Summertime {AC+4 Int+2 Dex+3}
 59605 | Crypt:3  | Identified the ring "Xaot" {Fire rPois rN++ Dex-2}
 59605 | Crypt:3  | Identified the ring "Ytoatte" {Fly rN++ Dex+6 Stlth+}
 59608 | Crypt:3  | Got Funkora's Incunabulum of Desecration
 60105 | D:15     | Bought a potion of curing for 60 gold pieces
 60215 | Depths:1 | Found a one-way gateway to a ziggurat.
 60733 | Depths:1 | Identified the +5 plate armour of Wasted Space {rN+}
 60814 | Depths:1 | Found Vagucro's Distillery.
 60822 | Depths:1 | Bought a potion of heal wounds for 75 gold pieces
 60822 | Depths:1 | Bought a potion of resistance for 150 gold pieces
 60822 | Depths:1 | Bought a potion of haste for 150 gold pieces
 60961 | Depths:1 | Found a gateway to Hell.
 61055 | Depths:1 | Found a one-way gate to the infinite horrors of the Abyss.
 61243 | Depths:1 | Found an ancient bone altar of Kikubaaqudgha.
 61463 | Depths:2 | Found Samooph's Weapon Shop.
 61709 | Depths:2 | Found a one-way gate leading to the halls of Pandemonium.
 61720 | Depths:2 | Found a flickering gateway to a bazaar.
 61729 | Depths:2 | Found Raimurgh's Weapon Boutique.
 61736 | Bazaar   | Entered a bazaar
 61740 | Bazaar   | Found Mewn's Jewellery Boutique.
 61757 | Bazaar   | Found Ugobraro's Assorted Antiques.
 61762 | Bazaar   | Bought a scroll of enchant armour for 150 gold pieces
 61762 | Bazaar   | Bought a pair of embroidered boots for 150 gold pieces
 61762 | Bazaar   | Bought a runed cloak for 150 gold pieces
 61762 | Bazaar   | Bought a scroll of fog for 80 gold pieces
 61780 | Bazaar   | Found Kaapn's Armour Emporium.
 61807 | Bazaar   | Found Haen's Book Boutique.
 61823 | Bazaar   | Found Heryr's General Store.
 61828 | Bazaar   | Bought a potion of invisibility for 128 gold pieces
 61828 | Bazaar   | Bought a scroll of enchant weapon for 120 gold pieces
 61917 | Bazaar   | Bought the ring of the Griffon {rElec rF+ Will++ Str-4
                  | Int+6} for 626 gold pieces
 61989 | Depths:2 | Bought the +27 heavy crossbow "Sniper" {heavy, Acc+∞ SInv}
                  | for 960 gold pieces
 61989 | Depths:2 | Found the +27 heavy crossbow "Sniper" {heavy, Acc+∞ SInv}
 62005 | Depths:2 | Found a glowing golden altar of the Shining One.
 62145 | Depths:2 | Found Ugragh's Magic Scroll Shoppe.
 62155 | Depths:2 | Bought a scroll of fog for 60 gold pieces
 62155 | Depths:2 | Bought a scroll of fog for 60 gold pieces
 62155 | Depths:2 | Bought a scroll of teleportation for 45 gold pieces
 62405 | Depths:2 | Noticed a juggernaut
 62411 | Depths:2 | Killed a juggernaut
 62414 | Depths:2 | Reached XP level 24. HP: 216/249 MP: 22/22
 62510 | Depths:2 | Acquired 1077 gold pieces
 62512 | Depths:2 | Identified the +1 plate armour of Modiasku {rPois Int+3}
 62513 | Depths:2 | Identified the ring "Xojidocyse" {rPois rN+}
 62548 | Depths:2 | Identified the +1 demon blade of Vack {freeze, rC+++ Dex+3
                  | SInv Stlth+}
 62642 | Depths:2 | Found Rolaqupi's Antique Armour Emporium.
 62977 | Depths:2 | Identified the +6 ring mail of Protective Custody {Str+3
                  | Dex+3 Slay+3 Stlth+}
 63186 | Depths:2 | Noticed a juggernaut
 63191 | Depths:2 | Killed a juggernaut
 63733 | Depths:3 | Noticed Norris
 63736 | Depths:3 | Killed Norris
 63859 | Depths:3 | Found a shimmering altar of Xom.
 63859 | Depths:3 | Found an iron altar of Okawaru.
 63861 | Depths:3 | Found a burning altar of Makhleb.
 63878 | Depths:3 | Noticed Margery
 63889 | Depths:3 | Killed Margery
 64123 | Depths:3 | Noticed the Enchantress
 64128 | Depths:3 | Killed the Enchantress
 64208 | Depths:3 | Noticed a juggernaut
 64210 | Depths:3 | Killed a juggernaut
 64327 | Depths:3 | Noticed Parghit
 64328 | Depths:3 | Killed Parghit
 64447 | Depths:3 | Noticed a juggernaut
 64449 | Depths:3 | Identified the +7 glaive "Fogagip" {heavy, rF+ Int+4}
 64450 | Depths:3 | Killed a juggernaut
 64457 | Depths:3 | Reached XP level 25. HP: 234/257 MP: 22/22
 64559 | Depths:3 | Found the +3 salamander hide armour {Flames, rFlCloud rF++
                  | rC--}
 64565 | Depths:3 | Identified the +2 mace of Edaowk {flame, Str-5 Dex+4 SInv
                  | Stlth+}
 64630 | Depths:3 | Got the Verses on the Icicle and Profane Spells
 64648 | Depths:3 | Reached skill level 27 in Ranged Weapons
 64675 | Depths:3 | Got the Volume of the Cold Syncline
 64990 | Depths:4 | Entered Level 4 of the Depths
 64990 | Depths:4 | Found a hide-covered altar of Uskayaw.
 65498 | Depths:4 | Found a gate to the Realm of Zot.
 65844 | Depths:4 | Got Mialeedgh's Incunabulum of Vivid Hexing
 66356 | Slime:1  | Entered Level 1 of the Pits of Slime
 66488 | Slime:2  | Gained mutation: You are clumsy. (Dex -2) [a shining eye]
 66747 | Slime:5  | Entered Level 5 of the Pits of Slime
 67084 | Slime:5  | Found a viscous altar of Jiyva.
 67085 | Slime:5  | Noticed the Royal Jelly
 67103 | Slime:5  | Killed the Royal Jelly
 67234 | Slime:5  | Identified the +2 demon trident of Coyvara {elec, rCorr
                  | Dex+2 Stlth+}
 67253 | Slime:5  | Identified the +4 short sword "Ubeatod" {elec, rPois rF-
                  | rC+ rCorr}
 67280 | Slime:5  | Got the Handbook of Blistering Ill Luck
 67289 | Slime:5  | Got a slimy rune of Zot
 67556 | Slime:5  | Reached skill level 27 in Armour
 68228 | Slime:2  | Gained mutation: You occasionally lose the ability to read
                  | scrolls when taking damage. [a shining eye]
 68489 | Vaults:4 | Killed Frederick
 68492 | Vaults:4 | Lost mutation: You are clumsy. (Dex -2) [potion of
                  | mutation]
 68492 | Vaults:4 | Lost mutation: You occasionally lose the ability to read
                  | scrolls when taking damage. [potion of mutation]
 68492 | Vaults:4 | Gained mutation: You are frail. (-10% HP) [potion of
                  | mutation]
 68492 | Vaults:4 | Gained mutation: You occasionally lose the ability to read
                  | scrolls when taking damage. [potion of mutation]
 68492 | Vaults:4 | Gained mutation: Your health recovers twice as slowly from
                  | being drained. [potion of mutation]
 68492 | Vaults:4 | Gained mutation: You have sharp toenails. [potion of
                  | mutation]
 68493 | Vaults:4 | Lost mutation: You have sharp toenails. [potion of
                  | mutation]
 68493 | Vaults:4 | Lost mutation: Your health recovers twice as slowly from
                  | being drained. [potion of mutation]
 68493 | Vaults:4 | Lost mutation: You are frail. (-10% HP) [potion of
                  | mutation]
 68493 | Vaults:4 | Gained mutation: You are frail. (-10% HP) [potion of
                  | mutation]
 68493 | Vaults:4 | Gained mutation: You passively map a small area around you.
                  | [potion of mutation]
 68493 | Vaults:4 | Gained mutation: A frigid envelope surrounds you and
                  | freezes all who hurt you. [potion of mutation]
 68494 | Vaults:4 | Lost mutation: You occasionally lose the ability to read
                  | scrolls when taking damage. [potion of mutation]
 68494 | Vaults:4 | Lost mutation: You are frail. (-10% HP) [potion of
                  | mutation]
 68494 | Vaults:4 | Lost mutation: A frigid envelope surrounds you and freezes
                  | all who hurt you. [potion of mutation]
 68494 | Vaults:4 | Gained mutation: You are partially covered in iridescent
                  | scales. (AC +2) [potion of mutation]
 68494 | Vaults:4 | Gained mutation: Your spells are a little harder to cast,
                  | but a little more powerful. [potion of mutation]
 68961 | Zot:1    | Entered Level 1 of the Realm of Zot
 69455 | Zot:1    | Reached XP level 26. HP: 224/266 MP: 22/22
 69829 | Zot:5    | Entered Level 5 of the Realm of Zot
 70011 | Zot:5    | Noticed an ancient lich
 70014 | Zot:5    | Noticed an ancient lich
 70022 | Zot:5    | Killed a dread lich
 70026 | Zot:5    | Noticed an ancient lich
 70034 | Zot:5    | Killed an ancient lich
 70037 | Zot:5    | Noticed a dread lich
 70039 | Zot:5    | Killed an ancient lich
 70039 | Zot:5    | Noticed an orb of fire
 70041 | Zot:5    | Killed an orb of fire
 70041 | Zot:5    | Killed a dread lich
 70193 | Zot:5    | Killed an ancient lich
 70553 | Zot:5    | Noticed a dread lich
 70556 | Zot:5    | Killed a dread lich
 70586 | Zot:5    | Noticed an orb of fire
 70588 | Zot:5    | Killed an orb of fire
 70593 | Zot:5    | Noticed a dread lich
 70595 | Zot:5    | Killed a dread lich
 70708 | Zot:5    | Got the Orb of Zot
 70746 | Zot:5    | Noticed Somurphur the pandemonium lord
 70746 | Zot:5    | Noticed an ancient lich
 70847 | Zot:4    | Noticed Cylanoss the pandemonium lord
 71175 | Depths:3 | Noticed Wadghonu the pandemonium lord
 71181 | Depths:3 | Killed Wadghonu the pandemonium lord
 71562 | D:1      | Noticed Cot Ymod the pandemonium lord
 71564 | D:$      | Escaped with the Orb!

Illustrated notes

Levels and vault maps discovered:
D:1:      dpeg_arrival_castle, layout_basic
D:2:      layout_loops_ring, minmay_domino_2, uniq_crazy_yiuf_cottage,
          uniq_sigmund, uniq_terence
D:3:      layout_loops_corners, dreamdust_ecumenical_altar_grove,
          gammafunk_ghost_stat_death, uniq_ijyb
D:4:      layout_cave_pools, mainiacjoe_overflow_chevrons, lemuel_crystal_altar,
          mainiacjoe_overflow_boulevard, minmay_manual_mares
D:5:      layout_loops_corners
D:6:      layout_loops_ring, uniq_pikel, uniq_jeremiah, uniq_menkaure
D:7:      layout_basic, minmay_temple_entry_enclosed_plants,
          ebering_ghost_disaster_area
D:8:      layout_cave_pools, special_room [special_room_kobold],
          nicolae_straight_to_the_point, uniq_maurice
D:9:      layout_basic, gammafunk_temple_overflow_statue, david_lair_shrubbed
D:10:     layout_basic, elyvilon_altar_4, serial_shops, nicolae_shop_peninsula
D:11:     layout_rooms, david_orc_5, ebering_ghost_reflecting_pool,
          trog_three_pillars_becter
D:12:     layout_loops_cross, kennysheep_generic_room_10
D:13:     layout_irregular_city, david_vaults_3, glass_columns_a,
          nicolae_yredelemnul_corpse_copse, uniq_nessos
D:14:     layout_layer_cave, st_stairs_13, uniq_roxanne, uniq_azrael
D:15:     grunt_enter_depths_giant_problem, layout_basic,
          muffindrake_ghost_dual_entry, nrook_pool_corridor,
          chequers_serial_rivers_room_a, uniq_kirke
Temple:   eino_temple_rhombus
Lair:1:   layout_regular_city, grunt_megastairs_3
Lair:2:   layout_regular_city, minmay_snake_entry_guardpost_small,
          minmay_shattered_shrine, serial_bayou_shore_a,
          infiniplex_staircase_pool_2
Lair:3:   layout_cave_pods, minmay_shoals_entry_centaurs, grunt_megastairs_2,
          infiniplex_staircase_pool
Lair:4:   layout_gridlike, portal_ice_cave_entry_pillars_2, beast_lair_carwin_6,
          uniq_sonja
Lair:5:   grunt_lair_end_beastmaster, layout_regular_city,
          dpeg_slime_entry_enclosed, serial_bayou_shore_b
Shoals:1: layout_shoals, nicolae_shoals_stone_sculpture_thing
Shoals:2: layout_shoals, nicolae_shoals_former_cling_halls
Shoals:3: layout_shoals
Shoals:4: shoals_end_hellmonk_storm_palace [storm_palace_center_ruins,
          storm_palace_corner_narrow, storm_palace_corner_altar,
          storm_palace_corner_narrow, storm_palace_corner_blocked], uniq_nikola
Snake:1:  layout_chambers, serial_bayou_shore_b, uniq_aizul
Snake:2:  layout_gridlike, basic_altar, grunt_megastairs_4
Snake:3:  layout_gridlike, serial_shops, shop, nicolae_triple_integral,
          minmay_shoptagon, serial_bayou_shore_b, serial_bayou_shore_b
Snake:4:  snake_pit, layout_cave_town, serial_shops,
          nicolae_shop_pleasant_corner_grove, grunt_megastairs_5,
          minmay_shop_grove
Slime:1:  cheibrodos_slime_lost_civilization_3, layout_caves
Slime:2:  layout_caves
Slime:3:  layout_caves, nicolae_slime_round_cave, uniq_dissolution
Slime:4:  layout_caves
Slime:5:  slime_pit_nicolae_block_by_block
Orc:1:    layout_caves, uniq_erolcha
Orc:2:    st_orc_rangers, layout_diamond_mine,
          gammafunk_ghost_wrathful_warriors, nicolae_orc_stony_grotto,
          dreamdust_deal_with_the_devil, minmay_orc_temple_a
Elf:1:    nicolae_elf_arrival_fired_up, layout_rooms, serial_shops,
          nicolae_shop_stone, shop, shop, nicolae_shop_peninsula,
          nicolae_elf_theology_debate, st_stairs_1, pf_eden, uniq_louise
Elf:2:    elven_hall_of_blades_hangedman_original
          [nicolae_vaults_blade_armed_guards], layout_loops_corners,
          serial_shops, shop, basic_altar, minivault_16
Elf:3:    minmay_elf_hall_circle, layout_loops_corners, serial_shops,
          nicolae_shop_statue_plus
Vaults:1: nicolae_vaults_trapezoid_3, v_misc_17,
          nicolae_vaults_storage_closets_3, v_misc_23, fort_yaktaur,
          hangedman_vaults_nails, nicolae_vaults_sesquioval_fish,
          nicolae_vaults_six-pack, layout_vaults_chaotic_city
Vaults:2: ontoclasm_vaults_twist, hangedman_vaults_stagger,
          hangedman_vaults_slice, st_cross, nicolae_vaults_network_quincunx
          [nicolae_vaults_network_quincunx_subvault,
          nicolae_vaults_network_quincunx_subvault,
          nicolae_vaults_network_quincunx_subvault,
          nicolae_vaults_network_quincunx_subvault,
          nicolae_vaults_network_quincunx_subvault],
          nicolae_vaults_closet_pinwheel_1, vaults_room_hallway,
          nicolae_vaults_steering_wheel, vaults_room_grid, v_misc_11,
          nicolae_vaults_diamond_1, ontoclasm_vaults_decontamination,
          nicolae_vaults_diamond_2, layout_vaults_omnibox, serial_shops,
          nicolae_shop_pleasant_corner_grove
Vaults:3: minmay_crypt_entry_skeletal_spiral, nicolae_vaults_tetromino_Z_2,
          ontoclasm_vaults_spin, vaults_room_large_hall, vaults_mumra_chevron,
          nicolae_vaults_sesquioval_fish, nicolae_vaults_trapezoid_layered,
          hangedman_vaults_impose, hangedman_vaults_impose,
          nicolae_vaults_network_square, nicolae_vaults_little_squares_4,
          v_rooms_2, layout_vaults_omnicross, serial_shops, shop, uniq_jory
Vaults:4: infiniplex_enter_wizlab_spiral, vaults_room_door_hall,
          hangedman_vaults_maws, nicolae_vaults_alarming,
          nicolae_vaults_tangent_ellipses, v_alt_pattern_6, v_misc_29,
          v_misc_30, vaults_dpeg_encased_lava, layout_vaults_maze_snakey,
          serial_shops, shop, uniq_xtahua, uniq_frederick
Crypt:1:  layout_misc_corridors, grunt_crypt_arrival_split, uniq_vv
Crypt:2:  layout_basic, roderic_lattice_octagonal_star
Crypt:3:  david_glass_crypt, layout_chaotic_city,
          nicolae_tomb_entry_rubble_hallway, gammafunk_ghost_grave,
          nicolae_crypt_tucked_away
Depths:1: layout_forbidden_donut, enter_ziggurat_e,
          hangedman_decor_clover_reticule, abyss_entry_small_statue_room,
          serial_shops, nicolae_shop_stone, serial_rivers,
          chequers_serial_rivers_small_a, chequers_serial_rivers_large_b,
          chequers_serial_rivers_micro_a, chequers_serial_rivers_micro_c,
          lightli_too_deep, kiku_gazebo_garden_becter
Depths:2: minmay_nested_s, layout_cross, dreamdust_wishing_well,
          rand_demon_pan_entry_3, serial_shops, bzr_entry_customers, shop,
          nicolae_shop_just_a_little_nook, shop, shop, abyss_entry,
          pf_coc_iceberg, tso_altar, infiniplex_staircase_star
Depths:3: hangedman_slaughterboxes, hell_entry, abyss_entry, uniq_margery,
          uniq_parghit, uniq_norris, uniq_enchantress
Depths:4: grunt_zot_entry_tricorne, layout_cave_pools,
          chequers_serial_rivers_large_a, grunt_hell_entry_dis_old,
          nicolae_uskayaw_dance_hall
Zot:1:    layout_basic
Zot:2:    layout_gridlike, lemuel_baited_zot_trap, hangedman_hellfire_club
Zot:3:    layout_gridlike, regret_index_zotdec_silver_v_v_orig_slice,
          amethyst_zot_foddershock
Zot:4:    layout_concentric_octagons, nicolae_transporter_circle
Zot:5:    layout_cathedral_of_symmetry, skrybe_zot_glass_3

Skill      XL: |  1  2  3  4  5  6  7  8  9 10 11 12 13 14 15 16 17 18 19 20 21 22 23 24 25 26 |
---------------+-------------------------------------------------------------------------------+-----
Ranged Weapons | 5 6 7 8 9 10 13 15 16 17 18 19 20 21 23 26 27 | 27.0
Stealth        | 1 2 3 5 6 7 8 9 10 11 12 14 | 14.0
Fighting       | 3 4 6 8 10 11 12 15 16 18 19 20 21 22 24 25 27 | 27.0
Dodging        | 3 4 5 6 7 8 9 10 11 12 13 14 15 16 17 19 20 22 | 22.7
Armour         | 1 3 6 7 9 13 14 16 17 18 19 20 21 22 24 27 | 27.0
Evocations     | 2 3 4 5 6 7 8 9 10 11 12 14 | 14.0

Action                     |  1- 3 |  4- 6 |  7- 9 | 10-12 | 13-15 | 16-18 | 19-21 | 22-24 | 25-27 || total
---------------------------+-------+-------+-------+-------+-------+-------+-------+-------+-------++-------
   Fire: Shortbow          |   101 |   120 |   370 |   949 |       |       |       |       |       ||  1540
         Orcbow            |       |       |       |   134 |  1617 |  1211 |  1812 |  1277 |       ||  6051
         Heavy crossbow    |       |       |       |       |       |       |       |   296 |   427 ||   723
 Invoke: Potion Petition   |       |       |       |     1 |       |     1 |     3 |     1 |     1 ||     7
         Call Merchant     |       |       |       |     2 |       |     1 |     2 |     1 |       ||     6
         Bribe Branch      |       |       |       |       |       |       |       |       |     4 ||     4
  Evoke: Wand              |       |       |    12 |     6 |    15 |       |     5 |     3 |       ||    41
         Condenser vane    |       |       |       |       |     1 |       |     1 |     2 |     1 ||     5
         Lightning rod     |       |       |       |       |       |       |     1 |       |     1 ||     2
         Phantom mirror    |       |       |       |       |       |       |       |     1 |       ||     1
    Use: Scroll            |     5 |     4 |     4 |     5 |    12 |     6 |     9 |    10 |     6 ||    61
         Potion            |     2 |     1 |     1 |     4 |     1 |     2 |     5 |       |     6 ||    22
 Armour: Leather armour    |    34 |    42 |    67 |       |       |       |       |       |       ||   143
         Steam dragon scal |       |       |    51 |    63 |       |       |       |       |       ||   114
         Chain mail        |       |       |       |   422 |   715 |   326 |   405 |   579 |   261 ||  2708
  Dodge: Dodged            |    18 |    37 |    94 |   405 |   691 |   328 |   488 |   775 |   425 ||  3261
  Block: Other             |       |       |       |       |       |    61 |    96 |   114 |       ||   271
         Reflection        |       |       |       |       |       |    21 |    35 |     5 |       ||    61

Table legend: (Time is in decaauts)
 A = Elapsed time spent in this place.
 B = Non-inter-level travel time spent in this place.
 C = Inter-level travel time spent in this place.
 D = Time resting spent in this place.
 E = Time spent auto-exploring this place.
 F = Levels seen in this place.
 G = Mean time per level.
                   A        B        C        D        E       F      G
               +--------+--------+--------+--------+--------+-----+--------+
         Total |  72047 |  63598 |   8449 |   4882 |  44020 |  58 | 1242.2 |
       Dungeon |  20284 |  16269 |   4015 |    413 |  12489 |  15 | 1352.3 |
        Temple |     23 |     12 |     11 |      0 |      0 |   1 |   23.0 |
          Lair |   7805 |   6961 |    844 |      0 |   5329 |   5 | 1561.0 |
        Shoals |   4083 |   3782 |    301 |    268 |   2677 |   4 | 1020.8 |
     Snake Pit |   6789 |   6545 |    244 |    494 |   5068 |   4 | 1697.2 |
    Slime Pits |   2028 |   1907 |    121 |    411 |    944 |   5 |  405.6 |
  Orcish Mines |   2595 |   2129 |    466 |    468 |   1153 |   2 | 1297.5 |
   Elven Halls |   4717 |   4305 |    412 |    486 |   2995 |   3 | 1572.3 |
        Vaults |   7700 |   6952 |    748 |    306 |   5382 |   4 | 1925.0 |
         Crypt |   4893 |   4576 |    317 |    413 |   3210 |   3 | 1631.0 |
        Depths |   6169 |   5257 |    912 |    734 |   3034 |   4 | 1542.2 |
           Zot |   2258 |   2205 |     53 |    275 |    585 |   5 |  451.6 |
        Bazaar |    241 |    241 |      0 |      0 |     99 |   1 |  241.0 |
      Ice Cave |   1638 |   1638 |      0 |    426 |    683 |   1 | 1638.0 |
        Wizlab |    818 |    818 |      0 |    184 |    369 |   1 |  818.0 |
               +--------+--------+--------+--------+--------+-----+--------+

Top non-repeatable levels by time:
   Elf:3: 2478 daAuts
Vaults:1: 2411 daAuts
    D:15: 2276 daAuts
 Crypt:3: 2172 daAuts
 Snake:1: 2109 daAuts
Vaults:3: 2058 daAuts
 Snake:3: 1942 daAuts
  Lair:5: 1938 daAuts
Vaults:4: 1925 daAuts
  Lair:2: 1914 daAuts
     D:5: 1820 daAuts
Depths:3: 1795 daAuts
   Orc:2: 1793 daAuts
Depths:1: 1718 daAuts
   IceCv: 1638 daAuts
